 Dungeon Crawl Stone Soup version 0.27.0-65-ge2af304b15 (webtiles) character file.

Game seed: 16580480622476122531

195 jamesdean20 the Covered (level 5, 0/46 HPs)
             Began as a Minotaur Fighter on Aug 19, 2021.
             Killed from afar by an orc wizard (2 damage)
             ... with a puff of flame
             ... on level 3 of the Dungeon.
             The game lasted 00:14:25 (2777 turns).

jamesdean20 the Covered (Minotaur Fighter)          Turns: 2777, Time: 00:14:26

Health: 0/46       AC: 12    Str: 21    XL:     5   Next: 45%
Magic:  4/4        EV:  6    Int: 11    God:
Gold:   52         SH:  0    Dex: 10    Spells: 4/4 levels left

rFire    . . .     SeeInvis .   a - +0 war axe
rCold    + . .     Faith    .   c - +0 kite shield
rNeg     . . .     Spirit   .   r - +3 chain mail {rC+}
rPois    .         Reflect  .   (helmet restricted)
rElec    .         Harm     .   (no cloak)
rCorr    .         Rampage  .   (no gloves)
Will     .....                  (no boots)
Stlth    ..........             (no amulet)
HPRegen  0.15/turn              f - +6 ring of intelligence
MPRegen  0.09/turn              m - ring of flight

@: confused, flying
A: horns 2, retaliatory headbutt
a: no special abilities


You were on level 3 of the Dungeon.
You visited 1 branch of the dungeon, and saw 4 of its levels.

You collected 77 gold pieces.
You spent 25 gold pieces at shops.

Inventory:

Hand Weapons
 a - a +0 war axe (weapon)
 i - a +2 dagger of distortion
Armour
 c - a +0 kite shield (worn)
 r - a +3 chain mail of cold resistance (worn)
Jewellery
 f - a +6 ring of intelligence (left hand)
 m - a ring of flight (right hand)
Wands
 s - a wand of mindburst (6)
Scrolls
 b - a scroll of silence {unknown}
 g - 2 scrolls of enchant weapon {unknown}
 h - 5 scrolls of identify {unknown}
 k - a scroll of torment {unknown}
 n - a scroll of amnesia {unknown}
 p - a scroll of teleportation {unknown}
 q - a scroll of magic mapping {unknown}
Potions
 d - a potion of might
 e - 4 potions of flight {unknown}
 j - a potion of resistance {unknown}
 l - a potion of mutation {unknown}
 o - a potion of heal wounds {unknown}


   Skills:
 + Level 4.2 Fighting
 + Level 4.8 Axes
 + Level 4.9 Armour
 + Level 1.1 Dodging
 + Level 4.4 Shields


You had 4 spell levels left.
You didn't know any spells.
Your spell library contained the following spells:

 Spells                   Type           Power      Damage    Failure   Level
 Stone Arrow              Conj/Erth      0%         3d7       100%        3
 Animate Armour           Summ/Erth      0%         N/A       100%        4
 Lehudib's Crystal Spear  Conj/Erth      0%         10d2      100%        8


Dungeon Overview and Level Annotations

Branches:
Dungeon (4/15)
 Temple: D:4-7

Altars:
Kikubaaqudgha
Trog

Shops:
D:3 *


Innate Abilities, Weirdness & Mutations

You have a pair of horns on your head.
You reflexively headbutt those who attack you in melee.


Message History

You closely miss something.
A quokka comes into view.
Something hits you.
The quokka moves out of view.
You miss something. You headbutt something! Something hits you.
Something hits you but does no damage.
You miss something.
You hear some strange, mumbled words.
A puff of flame appears from out of thin air!
The puff of flame hits you.
* * * LOW HITPOINT WARNING * * *
You miss something. Your headbutt misses something. Something hits you.
* * * LOW HITPOINT WARNING * * *
Something hits you but does no damage.
You hear some strange, mumbled words.
Something tries to affect you, but you resist.
Things that are here:
a +0 mace; an orc corpse You hear some strange, mumbled words.
A puff of flame appears from out of thin air!
The puff of flame hits you!
* * * LOW HITPOINT WARNING * * *
Something hits you but does no damage.
There is a stone staircase leading up here.
Something hits you but does no damage.
You fly upwards.
Reactivating autopickup.
There is a stone staircase leading down here.
You start resting.
You hear some strange, mumbled words.
A puff of flame appears from out of thin air!
Deactivating autopickup; reactivate with Ctrl-A.
The puff of flame hits you but does no damage.
You hit something.
You hear some strange, mumbled words.
You are confused.
You miss something.
You hear some strange, mumbled words.
A puff of flame appears from out of thin air!
The puff of flame hits you.
You die...

#....<.....#
#..........#########
#.........†#.......#
########...#.......###
###...........##
###.......#...
#####........####
##.....##.........
##@......#######...
#..{..............)
#>..._....######...
#.........##...#...
#.........#.....###
#................#
#................#
#................#
#.........#.....###


There were no monsters in sight!

Vanquished Creatures
  A scorpion (D:2)
  An orc priest (D:3)
  3 adders
  An ufetubus (D:4)
  5 worms
  6 orcs
  4 ball pythons
  2 bats
  4 endoplasms
  2 giant cockroaches
  3 goblins
  4 hobgoblins
  3 jackals (D:2)
  8 kobolds
  A quokka (D:2)
  A frilled lizard (D:2)
  9 rats
58 creatures vanquished.

Vanquished Creatures (others)
  2 plants (D:3)
  7 withered plants (D:3)
9 creatures vanquished.

Grand Total: 67 creatures vanquished

Notes
Turn   | Place    | Note
-------+----------+-------------------------------------------
     0 | D:1      | jamesdean20 the Minotaur Fighter began the quest for the
                  | Orb.
     0 | D:1      | Reached XP level 1. HP: 19/19 MP: 0/0
   150 | D:1      | Found a faded altar of an unknown god.
   273 | D:1      | Reached XP level 2. HP: 27/27 MP: 1/1
  1071 | D:2      | Reached XP level 3. HP: 24/33 MP: 2/2
  1081 | D:2      | Noticed a scorpion
  1094 | D:2      | Killed a scorpion
  1095 | D:2      | Reached XP level 4. HP: 12/40 MP: 3/3
  1821 | D:2      | Reached skill level 1 in Dodging
  2040 | D:3      | Reached XP level 5. HP: 31/46 MP: 4/4
  2213 | D:3      | Found a bloodstained altar of Trog.
  2520 | D:3      | Found an ancient bone altar of Kikubaaqudgha.
  2628 | D:3      | Found Masa's Assorted Antiques.
  2642 | D:3      | Bought a scroll labelled TYD IPHAIDD for 25 gold pieces
  2770 | D:4      | HP: 1/46 [something/puff of flame (11)]
  2777 | D:3      | Killed from afar by an orc wizard

Illustrated notes

Levels and vault maps discovered:
D:1:      shiori_arrival_oz, layout_basic, ebering_ecumenical_altar_rust
D:2:      layout_loops_ring
D:3:      layout_rooms, overflow_temple_1_default, kiku_gazebo_garden_becter,
          serial_shops, nicolae_shop_overgrown_old_shop
D:4:      layout_layer_cave, lemuel_temple_firewalk_b, serial_shops, shop

Skill      XL: |  1  2  3  4 |
---------------+-------------+-----
Axes           | 3 4 |  4.8
Fighting       | 4 |  4.2
Armour         | 4 |  4.9
Shields        | 4 |  4.4
Dodging        | 1 |  1.1

Action                   |  1- 3 |  4- 6 || total
-------------------------+-------+-------++-------
Melee: War axe           |    52 |    91 ||   143
       Headbutt          |     3 |    18 ||    21
Armor: Scale mail        |    23 |    18 ||    41
       Chain mail        |       |    27 ||    27
Dodge: Dodged            |    16 |    34 ||    50
Block: Kite shield       |    26 |    40 ||    66
